AoeStats
← Mau5

Nomad

509407572Analyzed
4v4 RM · 4d ago on Sep 26, 2026· 17m 28s· 8 players
Game mode
Random Map
Map size
231×231
Population
200
Speed
Normal
Resources
Standard
Victory
Conquest
Starting age
Dark Age
Ending age
Imperial Age
RankedLock teamsTeams togetherTeam positionsShared explorationLock speedFull tech treeHidden civsTurbo modeCheats
Victory
Defeat
🇹🇼 Vietnamese · Taiwan
1673
+11
🇺🇸 Varangians · United States
1660
+12
🇹🇼 Italians · Taiwan
1551
+16
🇹🇼 Danes · Taiwan
1518
+18
🇪🇸 Sicilians · Spain
1591
-15
🇦🇷 Burgundians · Argentina
1574
-15
🇦🇺 Danes · Australia
1550
-14
🇨🇿 Chinese · Czechia
1534
-13
Raspadori
4:31 Loom
12:54 Feudal Age
16:29 Castle Age
16:03 Town Watch
Mau5
4:23 Loom
11:06 Loom
13:32 Feudal Age
17:27 Castle Age
17:19 Gold Mining
17:20 Fletching
Asator
9:24 Double-Bit Axe
10:23 Loom
13:26 Feudal Age
17:18 Castle Age
15:19 Fishing Lines
16:29 Bow Saw
DetectiveYemitoShumafuk
3:00 Loom
11:54 Feudal Age
13:15 Gold Mining
15:10 Fletching
15:33 Forging
19:45 Castle Age
上帝惡魔楊宗翰
7:11 Loom
12:11 Feudal Age
14:01 Wheelbarrow
16:00 Double-Bit Axe
騷護士
3:34 Loom
13:23 Feudal Age
17:43 Castle Age
15:40 Double-Bit Axe
16:41 Gold Mining
17:30 Fishing Lines
PAI
4:35 Loom
13:34 Feudal Age
17:48 Castle Age
17:31 Double-Bit Axe
bcda
4:57 Loom
13:49 Feudal Age
15:39 Double-Bit Axe
17:58 Castle Age
16:47 Fletching
Connection lost

Rejoining the realm…

Still unreachable

The connection could not be restored.

Session expired

The server has moved on; the page needs a fresh start.